 Dungeon Crawl Stone Soup version 0.27.1-3-gb3d3a73c9e (webtiles) character file.

Game seed: 17768442669433964007

1397 styxcanada the Covert (level 8, 0/40 HPs)
             Began as a Spriggan Brigand on Oct 16, 2021.
             Slain by a killer bee (3 damage)
             ... in the Ecumenical Temple.
             The game lasted 00:38:20 (9020 turns).

styxcanada the Covert (Spriggan Brigand)            Turns: 9020, Time: 00:38:20

Health: 0/40       AC:  3    Str:  6 (7)  XL:     8   Next: 41%
Magic:  14/14      EV: 20    Int: 10 (13) God:
Gold:   143        SH:  0    Dex: 18      Spells: 11/14 levels left

rFire    . . .     SeeInvis +   h - +2 dagger (venom)
rCold    . . .     Faith    .   (shield restricted)
rNeg     . . .     Spirit   .   v - +0 robe {Will+}
rPois    .         Reflect  .   (helmet restricted)
rElec    .         Harm     .   c - +0 cloak
rCorr    .         Rampage  .   (gloves unavailable)
Will     ++...                  (boots unavailable)
Stlth    +++++.....             u - amulet of the acrobat
HPRegen  0.13/turn              (no ring)
MPRegen  0.14/turn              (no ring)

@: very quick
A: very small, no large weapons, unfitting armour, see invisible, speed 3
a: no special abilities


You were in the Ecumenical Temple.
You visited 2 branches of the dungeon, and saw 6 of its levels.

You collected 195 gold pieces.
You spent 52 gold pieces at shops.

Inventory:

Hand Weapons
 a - a +2 dagger of chaos
 h - a +2 dagger of venom (weapon)
 i - a +0 hunting sling of freezing
 s - a +2 vorpal mace
Missiles
 g - 2 boomerangs
 j - 129 stones
 m - a throwing net
 q - 25 sling bullets
 y - 15 poisoned darts (quivered)
Armour
 c - a +0 cloak (worn)
 v - a +0 robe of willpower (worn)
Jewellery
 u - an amulet of the acrobat (around neck)
Scrolls
 d - a scroll of noise {unknown}
 k - 2 scrolls of teleportation
 r - 2 scrolls of magic mapping
 w - a scroll of torment
 A - a scroll of fog {unknown}
Potions
 b - a potion of resistance
 e - a potion of flight
 f - 2 potions of mutation
 n - a potion of lignification
 o - a potion of berserk rage
 t - a potion of attraction {unknown}
 x - a potion of heal wounds {unknown}
 z - a potion of brilliance {unknown}


   Skills:
 * Level 3.3 Fighting
 + Level 4.0 Short Blades
 + Level 3.0(4.1) Slings
 + Level 3.5(4.0) Throwing
 * Level 5.3 Dodging
 * Level 9.9 Stealth
 * Level 3.9 Spellcasting
 * Level 2.4 Summonings


You had 11 spell levels left.
You knew the following spells:

 Your Spells              Type           Power      Damage    Failure   Level
a - Call Canine Familiar  Summ           6%         N/A       28%         3

Your spell library contained the following spells:

 Spells                   Type           Power      Damage    Failure   Level
 Ozocubu's Armour         Ice            1%         N/A       61%         3
 Portal Projectile        Hex/Tloc       2%         N/A       61%         3
 Leda's Liquefaction      Hex/Erth       0%         N/A       95%         4
 Ozocubu's Refrigeration  Ice            0%         4d5       100%        7


Dungeon Overview and Level Annotations

Branches:
Dungeon (5/15)             Temple (1/1) D:5

Altars:
Cheibriados
Dithmenos
Fedhas
Hepliaklqana
Kikubaaqudgha
Makhleb
Nemelex Xobeh
Okawaru
Qazlal
Ru
Sif Muna
Trog
Uskayaw
Vehumet
Yredelemnul
Zin

Shops:
D:4 *


Innate Abilities, Weirdness & Mutations

You are very small and have problems with some larger weapons.
You are too small for most types of armour.
You have supernaturally acute eyesight. (SInv)
You cover ground extremely quickly. (Speed+++)


Message History

You closely miss the killer bee.
The killer bee is lightly wounded.
The killer bee completely misses you.
You completely miss the killer bee.
The killer bee is lightly wounded.
The killer bee stings you but does no damage.
The killer bee misses you.
Found an iron altar of Okawaru.
Found a sparkling altar of Nemelex Xobeh.
You miss the killer bee.
The killer bee is lightly wounded.
The killer bee misses you. x2
You closely miss the killer bee.
The killer bee is lightly wounded.
The killer bee closely misses you. x2
You miss the killer bee.
The killer bee is lightly wounded.
The killer bee completely misses you.
You hit the killer bee but do no damage.
The killer bee is poisoned.
The killer bee is lightly wounded.
The killer bee stings you.
* * * LOW HITPOINT WARNING * * *
The killer bee misses you.
You miss the killer bee.
The killer bee is lightly wounded.
The killer bee completely misses you.
You closely miss the killer bee.
The killer bee is moderately wounded.
The killer bee misses you. The killer bee completely misses you.
You barely miss the killer bee.
The killer bee is moderately wounded.
The killer bee closely misses you. The killer bee completely misses you.
You hit the killer bee but do no damage.
The killer bee is heavily wounded.
The killer bee completely misses you.
You closely miss the killer bee.
The killer bee is severely wounded.
The killer bee stings you.
You die...

...#####....... .. ###
#######. #.### ## .....#
## ......# ######### ##.
....... ##.......## #..
_...... #.._..._..# #..
.......###.........###..
.......@y....._.........
.......###.........###..
.._...# #.._..._..# ##.
.....# ##.......## ##
##### ######### #


You could see a killer bee (very poisoned).

Vanquished Creatures
  Duvessa (D:4)
  2 black bears
  3 ogres
  Dowan (D:4)
  2 howler monkeys (D:3)
  A hound (D:4)
  A centaur skeleton (D:4)
  An orc priest (D:3)
  Jessica (D:2)
  Natasha (thrice) (D:4)
  An iguana (D:5)
  3 orc wizards
  Terence (D:2)
  A mummy (D:3)
  A howler monkey zombie (D:3)
  4 adders
  19 gnolls (D:3)
  An ufetubus (D:4)
  3 worms (D:2)
  3 dart slugs
  28 orcs
  10 ball pythons
  2 endoplasms
  3 giant cockroaches
  8 goblins
  3 hobgoblins
  16 jackals
  8 kobolds
  3 quokkas
  6 bats
  3 frilled lizards (D:1)
  4 rats (D:2)
147 creatures vanquished.

Notes
Turn   | Place    | Note
-------+----------+-------------------------------------------
     0 | D:1      | styxcanada the Spriggan Brigand began the quest for the
                  | Orb.
     0 | D:1      | Reached XP level 1. HP: 10/10 MP: 2/2
    69 | D:1      | Reached skill level 6 in Stealth
    84 | D:1      | Reached XP level 2. HP: 8/14 MP: 3/3
  1244 | D:1      | Reached skill level 7 in Stealth
  1276 | D:1      | Reached XP level 3. HP: 18/18 MP: 4/4
  2366 | D:2      | Noticed a shining eye
  2368 | D:2      | Found a faded altar of an unknown god.
  2369 | D:2      | Noticed a shining eye
  2369 | D:2      | Noticed a floating eye
  2369 | D:2      | Noticed a golden eye
  2407 | D:2      | Reached XP level 4. HP: 23/23 MP: 5/5
  2411 | D:2      | Learned a level 3 spell: Call Canine Familiar
  2702 | D:2      | Noticed Jessica
  2713 | D:2      | Killed Jessica
  2714 | D:2      | Reached skill level 1 in Spellcasting
  2836 | D:2      | Found an ancient bone altar of Kikubaaqudgha.
  2836 | D:2      | Noticed Terence
  2862 | D:2      | Killed Terence
  2863 | D:2      | Reached XP level 5. HP: 26/26 MP: 7/7
  2996 | D:3      | Noticed a black bear
  2997 | D:3      | Killed a black bear
  2998 | D:3      | Reached skill level 8 in Stealth
  3241 | D:3      | Reached skill level 1 in Summonings
  3416 | D:3      | Reached XP level 6. HP: 23/30 MP: 9/9
  4024 | D:3      | Reached skill level 9 in Stealth
  5440 | D:3      | Reached XP level 7. HP: 5/35 MP: 11/11
  5443 | D:3      | HP: 1/35 [gnoll (4)]
  6327 | D:3      | Reached skill level 1 in Slings
  6918 | D:3      | Found a snail-covered altar of Cheibriados.
  7053 | D:4      | HP: 1/35 [ogre (34)]
  7065 | D:4      | Noticed Natasha
  7071 | D:4      | Killed Natasha
  7211 | D:4      | Noticed Natasha
  7550 | D:4      | Killed Natasha
  7592 | D:4      | Noticed Duvessa
  7592 | D:4      | Noticed Dowan
  7619 | D:4      | Killed Duvessa
  7620 | D:4      | Reached XP level 8. HP: 36/40 MP: 13/13
  7651 | D:4      | Killed Dowan
  7732 | D:4      | Noticed Natasha
  7746 | D:4      | Killed Natasha
  7843 | D:4      | Reached skill level 5 in Dodging
  8489 | D:4      | Found Liheleur's Assorted Antiques.
  8492 | D:4      | Bought a scroll labelled IBRO ORPHUIP for 26 gold pieces
  8492 | D:4      | Bought a scroll labelled METEAPLEOLL for 26 gold pieces
  8650 | D:5      | Entered Level 5 of the Dungeon
  8959 | D:5      | Found a staircase to the Ecumenical Temple.
  8965 | Temple   | Entered the Ecumenical Temple
  9020 | Temple   | Slain by a killer bee

Illustrated notes

Levels and vault maps discovered:
D:1:      amcnicky_arrival_gap_in_the_tavern_cellar, layout_basic,
          minmay_cut_off
D:2:      layout_basic, basic_altar, hellmonk_ecumenical_altar_watching_god,
          minmay_tiny_reverse_x, uniq_terence, uniq_jessica
D:3:      lemuel_castle_with_subvaults [lemuel_castle_interior_carwin_1],
          layout_rooms, slow_altar_1
D:4:      layout_loops_cross, serial_shops, kennysheep_mini, uniq_natasha,
          uniq_duvessa
D:5:      layout_basic, elyvilon_altar_1, minmay_temple_entry_sparse_star,
          uniq_edmund
Temple:   kb_temple_of_zot

Skill      XL: |  1  2  3  4  5  6  7  8 |
---------------+-------------------------+-----
Stealth        | 6 7 8 9 |  9.9
Dodging        | 2 3 4 5 |  5.3
Fighting       | 2 3 |  3.3
Spellcasting   | 1 2 3 |  3.9
Summonings     | 1 2 |  2.4
Short Blades   | 3 4 |  4.0
Slings         | 2 3 |  3.0
Throwing       | 3 |  3.5

Action                   |  1- 3 |  4- 6 |  7- 9 || total
-------------------------+-------+-------+-------++-------
Melee: Dagger            |   138 |   162 |   159 ||   459
 Fire: Hunting sling     |       |    27 |    38 ||    65
Throw: Dart              |    12 |    43 |    31 ||    86
       Stone             |       |     3 |     1 ||     4
       Boomerang         |       |       |     8 ||     8
  Use: Scroll            |       |    10 |     3 ||    13
       Potion            |       |       |     3 ||     3
 Stab: Sleeping          |    13 |     7 |     4 ||    24
       Distracted        |       |       |     1 ||     1
Armor: Robe              |    15 |    17 |     9 ||    41
Dodge: Dodged            |    82 |   161 |   122 ||   365
